 Dungeon Crawl Stone Soup version 0.30-a0-748-ge6a52f7cba (webtiles) character file.

Game seed: 4577537430873125753

338 Dittersdorf the Shield-Bearer (level 6, -3/40 HPs)
             Began as a Gargoyle Fighter on Feb 8, 2023.
             Killed by divine providence
             ... invoked by an orc priest
              (13 damage)
             ... on level 4 of the Dungeon.
             The game lasted 00:04:17 (3304 turns).

Dittersdorf the Shield-Bearer (Gargoyle Fighter)    Turns: 3304, Time: 00:04:18

Health: -3/40      AC: 19    Str: 22    XL:     6   Next: 55%
Magic:  6/6        EV:  4    Int:  8    God:
Gold:   72         SH: 14    Dex:  9    Spells: 5/5 levels left

rFire   . . .      SeeInvis .    a - +1 flail (vamp)
rCold   + . .      Faith    .    i - +2 tower shield {AC+3}
rNeg    + . .      Spirit   .    v - +0 chain mail
rPois   ∞          Reflect  .    x - +0 helmet
rElec   +          Harm     .    (no cloak)
rCorr   .          Rampage  .    (no gloves)
Will    +....                    r - +0 pair of boots Stlth
                                 (no amulet)
HPRegen 0.26/turn                q - ring of willpower
MPRegen 0.10/turn                k - ring of protection from cold

@: no status effects
A: sickness immunity, AC +4, negative energy resistance 1, electricity
resistance, torment resistance 1, petrification resistance
a: no special abilities


You were on level 4 of the Dungeon.
You visited 1 branch of the dungeon, and saw 4 of its levels.

You collected 132 gold pieces.
You spent 60 gold pieces at shops.

Inventory:

Hand Weapons
 a - a +1 vampiric flail (weapon)
Missiles
 j - 13 poisoned darts (quivered)
 l - 2 throwing nets
Armour
 i - a +2 tower shield of protection (worn)
 m - a +0 plate armour
 r - a +0 pair of boots (worn)
 v - a +0 chain mail (worn)
 x - a +0 helmet (worn)
Jewellery
 k - a ring of protection from cold (right hand)
 q - a ring of willpower (left hand)
Scrolls
 c - a scroll of enchant armour {unknown}
 n - a scroll of teleportation
 p - 2 scrolls of fog
 s - a scroll of blinking {unknown}
 t - a scroll of summoning {unknown}
 u - a scroll of amnesia {unknown}
 y - a scroll of fear {unknown}
Potions
 b - a potion of resistance {unknown}
 d - 3 potions of might
 e - 3 potions of curing {unknown}
 f - a potion of ambrosia {unknown}
 g - a potion of brilliance {unknown}
 h - 2 potions of flight {unknown}
 w - 2 potions of heal wounds


   Skills:
 + Level 4.8 Fighting
 + Level 3.7 Maces & Flails
 + Level 4.8 Armour
 + Level 4.8 Shields


You had 5 spell levels left.
You didn't know any spells.
Your spell library contained the following spells:

 Spells                   Type           Power      Damage    Failure   Level
 Inner Flame              Hex/Fire       0%         N/A       100%        3
 Stone Arrow              Conj/Erth      0%         3d7       100%        3
 Animate Armour           Summ/Erth      0%         N/A       100%        4
 Flame Wave               Conj/Fire      0%         2d4       100%        4
 Passage of Golubria      Tloc           0%         N/A       100%        4
 Sticky Flame             Conj/Fire      0%         2d3       100%        4
 Silence                  Hex/Air        0%         N/A       100%        5
 Lehudib's Crystal Spear  Conj/Erth      0%         10d2      100%        8


Dungeon Overview and Level Annotations

Branches:
Dungeon (4/15)
 Temple: D:4-7

Altars:
Elyvilon
Uskayaw

Shops:
D:4 !


Innate Abilities, Weirdness & Mutations

You are immune to sickness and miasma.
Your stone body is resilient. (AC +4)
You are immune to poison.
You resist negative energy. (rN+)
You are resistant to electric shocks. (rElec)
You are resistant to unholy torment.
You are immune to petrification.


Message History

You are too injured to fight recklessly!
You are too injured to fight recklessly!
You are too injured to fight recklessly!
You are too injured to fight recklessly!
You are too injured to fight recklessly!
You are too injured to fight recklessly!
You are too injured to fight recklessly!
You are too injured to fight recklessly!
You are too injured to fight recklessly!
You are too injured to fight recklessly!
You sock the orc priest!
You feel better.
The orc priest is almost dead.
The orc priest hits you but does no damage.
The orc priest casts a cantrip, but nothing happens.
You block the orc priest's attack.
The orc priest casts a cantrip, but nothing happens.
You barely miss the orc priest.
The orc priest is almost dead.
The orc priest hits you with a +0 whip.
* * * LOW HITPOINT WARNING * * *
The orc priest hits you with a +0 hand axe.
* * * LOW HITPOINT WARNING * * *
You closely miss the orc priest.
The orc priest is almost dead.
The orc priest barely misses you. You block the orc priest's attack.
The orc priest hits you but does no damage.
You block the orc priest's attack.
You hit the orc priest.
You feel better.
You kill the orc priest!
The orc priest hits you but does no damage.
You block the orc priest's attack.
You barely miss the orc priest. You block the orc priest's attack.
You hit the orc priest but do no damage.
The orc priest hits you but does no damage.
You block the orc priest's attack.
You completely miss the orc priest. You block the orc priest's attack.
You barely miss the orc priest. You block the orc priest's attack.
The orc priest calls down the wrath of Beogh upon you.
Beogh smites you!
You die...

#. .. .## #.##.#..#
#..).. ###.......# #....
. ..........# #....##.
.........> +......#
.........# #...##.#
.......)o###### #...##.#
#+# #@)...... #...##.#
#.####.####### +...'..#
#............#
#...#..####.....######.#
#...#...........#
##.##...####....#
...##...# ##'###
##.##...# #.# ##.##...#
#.#


You could see an orc priest.

Vanquished Creatures
  A necrophage (D:4)
  2 orc priests
  2 orc wizards (D:3)
  7 gnolls
  2 adders
  A worm (D:4)
  A dart slug (D:1)
  12 orcs
  4 bats
  5 endoplasms
  4 giant cockroaches
  2 goblins
  3 hobgoblins
  4 jackals
  6 kobolds
  3 quokkas
  7 ball pythons
  3 frilled lizards
  2 rats
71 creatures vanquished.

Notes
Turn   | Place    | Note
-------+----------+-------------------------------------------
     0 | D:1      | Dittersdorf the Gargoyle Fighter began the quest for the
                  | Orb.
     0 | D:1      | Reached XP level 1. HP: 14/14 MP: 1/1
   172 | D:1      | Reached XP level 2. HP: 17/19 MP: 2/2
  1010 | D:2      | Reached XP level 3. HP: 20/23 MP: 3/3
  1656 | D:3      | Reached XP level 4. HP: 19/29 MP: 4/4
  2130 | D:3      | Reached XP level 5. HP: 19/33 MP: 5/5
  2447 | D:3      | Found a hide-covered altar of Uskayaw.
  2870 | D:3      | Found a white marble altar of Elyvilon.
  3000 | D:4      | Identified a scroll of acquirement
  3000 | D:4      | Acquired a +2 tower shield of protection
  3093 | D:4      | Found Sashruirph's Distillery.
  3101 | D:4      | Bought a potion of heal wounds for 60 gold pieces
  3134 | D:4      | Reached XP level 6. HP: 18/39 MP: 6/6
  3304 | D:4      | Killed from afar by an orc priest

Illustrated notes

Levels and vault maps discovered:
D:1:      dreamdust_arrival_beginning_and_end, layout_basic
D:2:      layout_basic
D:3:      layout_loops_corners, mainiacjoe_overflow_boulevard, marbit_many_paths
D:4:      layout_basic, grunt_temple_overflow_diamond, serial_shops,
          nicolae_lakefront_shop, bh_walls_and_bars, uniq_duvessa,
          uniq_crazy_yiuf_cottage

Skill      XL: |  1  2  3  4 |
---------------+-------------+-----
Armour         | 4 |  4.8
Shields        | 4 |  4.8
Fighting       | 4 |  4.8
Maces & Flails | 3 |  3.7

Action                     |  1- 3 |  4- 6 || total
---------------------------+-------+-------++-------
  Melee: Flail             |   140 |   149 ||   289
    Use: Scroll            |       |     6 ||     6
 Armour: Scale mail        |    80 |       ||    80
         Chain mail        |       |   100 ||   100
  Dodge: Dodged            |    65 |    37 ||   102
  Block: Buckler           |    36 |    13 ||    49
         Tower shield      |       |    67 ||    67

Table legend: (Time is in decaauts)
 A = Elapsed time spent in this place.
 B = Non-inter-level travel time spent in this place.
 C = Inter-level travel time spent in this place.
 D = Time resting spent in this place.
 E = Time spent auto-exploring this place.
 F = Levels seen in this place.
 G = Mean time per level.
                   A        B        C        D        E       F      G
               +--------+--------+--------+--------+--------+-----+--------+
         Total |   3418 |   3273 |    145 |    327 |   2179 |   4 |  854.5 |
       Dungeon |   3418 |   3273 |    145 |    327 |   2179 |   4 |  854.5 |
               +--------+--------+--------+--------+--------+-----+--------+

Top non-repeatable levels by time:
     D:3: 1241 daAuts
     D:2: 995 daAuts
     D:1: 829 daAuts
     D:4: 350 daAuts
